 Dungeon Crawl Stone Soup version 0.31.0-32-g396128a36d (webtiles) character file.

Game seed: 17910354628182911591

3574 BlackCaro the Grappler (level 9, -2/75 HPs)
             Began as a Red Draconian Shapeshifter on Apr 10, 2024.
             Was a Follower of Nemelex Xobeh.
             Slain by a shadow (24 damage)
             ... on level 8 of the Dungeon.
             The game lasted 00:13:37 (6757 turns).

BlackCaro the Grappler (Red Draconian Shapeshifter) Turns: 6757, Time: 00:13:39

Health: -2/75      AC:  7    Str: 20    XL:     9   Next: 84%
Magic:  12/12      EV: 28    Int: 10    God:    Nemelex Xobeh [*.....]
Gold:   217        SH:  0    Dex: 12    Spells: 8/8 levels left

rFire   + .          .
                       - Unarmed
rCold   + . .        (no shield)
rNeg    . . .        (body armour unavailable)
rPois   .            (helmet currently unavailable)
rElec   .            (cloak currently unavailable)
rCorr   .            (gloves currently unavailable)
SInv    .            (boots currently unavailable)
Will    .....        L - amulet of the acrobat
Stlth   ++           i - +4 ring of slaying
HPRegen 0.32/turn    o - ring of protection from cold
MPRegen 0.13/turn

%: acrobat
@: beast-form, acrobatic, studying Unarmed Combat
A: beast (slay +4), breathe fire, AC +7, unfitting armour, fire resistance 1,
cold-blooded
a: Breathe Fire, Begin Untransformation, Renounce Religion, Draw Escape, Draw
Destruction, Draw Summoning


You were on level 8 of the Dungeon.
You worshipped Nemelex Xobeh.
Nemelex Xobeh was aware of your devotion.
You were a hulking beast.
You visited 2 branches of the dungeon, and saw 10 of its levels.
You also visited: Ossuary.

You collected 415 gold pieces.
You spent 198 gold pieces at shops.

Inventory:

Hand Weapons
 x - a +1 dagger of electrocution
   (You found it on level 4 of the Dungeon)
Missiles
 a - 20 poisoned darts (quivered)
 j - 5 boomerangs
 M - 6 curare-tipped darts {!f}
Jewellery
 i - a +4 ring of slaying (left hand)
   (You found it on level 1 of the Dungeon)
 o - a ring of protection from cold (right hand)
   (You found it on level 7 of the Dungeon)
 I - a ring of magical power
   (You found it on level 7 of the Dungeon)
 L - an amulet of the acrobat (around neck)
   (You found it on level 8 of the Dungeon)
Talismans
 b - a beast talisman
 c - a flux talisman
 r - a maw talisman
   (You found it on level 4 of the Dungeon)
Wands
 d - a wand of iceblast (7)
   (You found it on level 6 of the Dungeon)
 v - a wand of digging (5)
   (You found it on level 7 of the Dungeon)
 y - a wand of polymorph (6)
   (You found it on level 5 of the Dungeon)
 K - a wand of light (12)
   (You found it on level 8 of the Dungeon)
Scrolls
 e - 2 scrolls of fear {unknown}
 f - 2 scrolls of amnesia {unknown}
 g - 4 scrolls of poison {!r}
 h - a scroll of acquirement {unknown}
 m - a scroll of silence {unknown}
 n - 3 scrolls of immolation {!r}
 p - 4 scrolls of vulnerability {!r}
 q - 8 scrolls of teleportation {@r4}
 s - 3 scrolls of brand weapon {unknown}
 t - 4 scrolls of enchant weapon
 B - 3 scrolls of fog {unknown}
 F - 3 scrolls of revelation
Potions
 k - 2 potions of might {unknown}
 l - 3 potions of attraction {!q}
 u - 2 potions of ambrosia {unknown}
 w - a potion of haste {@q3}
 z - 3 potions of resistance {unknown}
 A - 3 potions of heal wounds {@q2}
 C - a potion of invisibility {unknown}
 D - a potion of degeneration {unknown}
 E - a potion of mutation {unknown}
 G - 4 potions of curing {@q1}
 H - 3 potions of enlightenment {unknown}
 J - a potion of cancellation {unknown}


   Skills:
 + Level 5.6 Fighting
 + Level 5.0 Dodging
 * Level 3.2 Stealth
 * Level 10.5 Unarmed Combat
 * Level 4.5 Invocations
 * Level 7.6 Shapeshifting


You had 8 spell levels left.
You didn't know any spells.
Your spell library was empty.

Dungeon Overview and Level Annotations

Branches:
Dungeon (9/15) Zot: 26990  Temple (1/1) D:6 Zot: 5956    Lair (0/5) D:9
Ossuary (visited)
    Orc: D:9-12

Altars:
Ashenzari
Cheibriados
Dithmenos
Gozag
Hepliaklqana
Kikubaaqudgha
Makhleb
Nemelex Xobeh
Okawaru
Ru
Sif Muna
Trog
Uskayaw
Vehumet
Xom
Yredelemnul
Zin
The Shining One

Shops:
D:2 !

Annotations:
D:5 1 runed translucent door, turdburglar's ghost, novice OpSh
D:7 3 runed translucent doors, yey's ghost, novice VSFi


Innate Abilities, Weirdness & Mutations

You are a hulking beast.
Your limbs bulge with bestial killing power. (Slay +4)
You can breathe blasts of fire.
Your fiery red scales are hard. (AC +7)
You cannot fit into any form of body armour.
Your flesh is heat resistant. (rF+)
You are cold-blooded and may be slowed by cold attacks.


Message History

The yak bellows!
You hear a bellow!
The shadow misses you.
The yak gores the plant.
The plant begins to die.
You punch the shadow!
You tail-slap the shadow, but do no damage.
The howler monkey hits the plant.
The plant begins to die.
You punch the shadow!
You tail-slap the shadow, but do no damage.
Your punch misses the shadow.
The shadow slips into darkness.
The shadow flickers and vanishes!
Deactivating autopickup; reactivate with Ctrl-A.
A yak comes into view.
The wyvern misses you.
The shadow strikes at you from the darkness!
Reactivating autopickup.
The yak gores the plant.
The plant begins to die.
The wyvern completely misses you. The wyvern bites you!
The shadow completely misses you.
The yak gores the plant!
The howler monkey hoots and howls with incredible vigour!
The scorpion attacks as it pursues you! The scorpion completely misses you.
You hear an angry hiss.
You hear a shout! x3
A nearby plant withers and dies.
The wyvern attacks as it pursues you! The wyvern completely misses you.
The shadow completely misses you. The scorpion completely misses you.
The yak gores the plant!
The wyvern closely misses you.
There is a stone staircase leading up here.
A nearby plant withers and dies.
The howler monkey hoots and howls with incredible vigour!
The wyvern barely misses you.
The shadow slips into darkness.
The shadow flickers and vanishes!
Deactivating autopickup; reactivate with Ctrl-A.
The wyvern bites you.
* * * LOW HITPOINT WARNING * * *
The scorpion stings you.
* * * LOW HITPOINT WARNING * * *
You hear a shout!
You climb upwards.
Reactivating autopickup.
There is a stone staircase leading down here.
Unknown command.
Unknown command.
Unknown command.
The wyvern bites you!
* * * LOW HITPOINT WARNING * * *
The wyvern misses you.
The shadow strikes at you from the darkness!
You die...
Your body disappears without a glow.

#.# ##.........
#[######........##
###########...##............
#................##........#
###........##.##.#####...#.#.#
###.........##..##<# ##.###.#..
##...#.......##.###.####.........
#..###.......##.kk.........#.....
#.## #..........hs.......###.....
#.####.......#...................
.....#...................<.#)....
.....)....................##.....
.###.............................
.# #######...#.#...#.....#..#....
## ####..#....###.......#.... #
#.....#..#...........#....
#.#.....###.............<.


You could see 2 wyverns and a scorpion.

Vanquished Creatures
  Pikel (D:8)
  Maggie (D:6)
  Jeremiah (D:8)
  A sky beast (D:8)
  An orc warrior (D:4)
  2 black bears
  4 ogres
  A centaur (D:4)
  A lemure (D:8)
  A kobold brigand (D:8)
  3 bullfrogs (D:7)
  A gnoll sergeant (D:8)
  4 killer bees (D:8)
  A howler monkey (D:5)
  2 bombardier beetles (D:5)
  A bullfrog zombie (Ossuary)
  3 hounds
  2 jellies
  5 orc priests
  A gnoll bouda (D:7)
  A sleepcap (D:6)
  9 mummies (Ossuary)
  2 iguanas
  3 orc wizards
  A killer bee zombie (Ossuary)
  3 crocodile zombies (Ossuary)
  4 hound zombies (Ossuary)
  Robin (D:3)
  A howler monkey zombie (Ossuary)
  13 gnolls
  5 adders
  2 white imps (D:5)
  2 ufetubi (D:7)
  25 orcs
  4 bats
  9 endoplasms
  3 giant cockroaches
  11 hobgoblins
  7 jackals
  13 kobolds
  6 quokkas
  6 ball pythons
  2 ball python zombies (Ossuary)
  2 frilled lizards
  10 goblins
  9 rats
191 creatures vanquished.

Notes
Turn   | Place    | Note
-------+----------+-------------------------------------------
     0 | D:1      | BlackCaro the Draconian Shapeshifter began the quest for
                  | the Orb.
     0 | D:1      | Reached XP level 1. HP: 16/16 MP: 1/1
   191 | D:1      | Reached XP level 2. HP: 23/23 MP: 2/2
   605 | D:2      | Reached XP level 3. HP: 27/28 MP: 3/3
  1117 | D:2      | Found Siagre's Distillery.
  1128 | D:2      | Bought a potion of curing for 33 gold pieces
  1128 | D:2      | Bought a potion of heal wounds for 55 gold pieces
  1159 | D:3      | Noticed Robin
  1174 | D:3      | Killed Robin
  1238 | D:3      | Reached XP level 4. HP: 31/36 MP: 4/4
  1515 | D:3      | Reached skill level 4 in Unarmed Combat
  1945 | D:3      | Found a faded altar of an unknown god.
  2056 | D:4      | Noticed a centaur
  2065 | D:3      | Reached XP level 5. HP: 33/41 MP: 5/5
  2134 | D:4      | Noticed an ogre
  2142 | D:4      | Killed an ogre
  2217 | D:4      | Noticed a black bear
  2288 | D:4      | Killed a centaur
  2289 | D:4      | Reached XP level 6. HP: 41/50 MP: 6/6
  2363 | D:4      | Noticed an orc warrior
  2527 | D:4      | Reached skill level 5 in Unarmed Combat
  2739 | D:2      | Bought a potion of haste for 110 gold pieces
  2832 | D:5      | Entered Level 5 of the Dungeon
  2832 | D:5      | Found a runed translucent door.
  2858 | D:4      | Your scales start taking on a fiery red colour.
  2858 | D:4      | Reached XP level 7. HP: 50/57 MP: 7/7
  2858 | D:4      | Gained mutation: Your flesh is heat resistant. (rF+) [Red
                  | Draconian growth]
  2918 | D:4      | Reached skill level 5 in Shapeshifting
  2937 | D:5      | Reached skill level 6 in Unarmed Combat
  3241 | D:5      | Noticed turdburglar's ghost (novice OpSh)
  3353 | D:5      | Reached skill level 7 in Unarmed Combat
  3418 | D:5      | Found a broken altar of Ashenzari.
  3428 | D:5      | Found a burning altar of Makhleb.
  3428 | D:5      | Found a glowing silver altar of Zin.
  3429 | D:5      | Found a bloodstained altar of Trog.
  3509 | D:5      | Found a hide-covered altar of Uskayaw.
  3551 | D:5      | Reached XP level 8. HP: 35/66 MP: 8/8
  4033 | D:6      | Found a sand-covered staircase.
  4042 | Ossuary  | Entered an ossuary
  4164 | Ossuary  | Reached skill level 8 in Unarmed Combat
  4622 | D:6      | Found a staircase to the Ecumenical Temple.
  4631 | Temple   | Found a transporter.
  4631 | Temple   | Found a transporter.
  4631 | Temple   | Found a transporter.
  4631 | Temple   | Found a transporter.
  4631 | Temple   | Entered the Ecumenical Temple
  4658 | Temple   | Became a worshipper of Ru the Awakened
  4681 | D:6      | Found a sparkling altar of Nemelex Xobeh.
  4836 | D:6      | Fell from the grace of Ru
  4836 | D:6      | Became a worshipper of Nemelex Xobeh the Trickster
  5145 | D:6      | Noticed Maggie
  5152 | D:6      | Killed Maggie
  5153 | D:6      | Reached skill level 9 in Unarmed Combat
  5259 | D:7      | Noticed yey's ghost (novice VSFi)
  5260 | D:7      | Found a runed translucent gate.
  5337 | D:7      | Found a runed translucent gate.
  5337 | D:7      | Found a runed translucent gate.
  5424 | D:7      | Reached XP level 9. HP: 73/73 MP: 10/10
  5444 | D:7      | Reached skill level 5 in Fighting
  5504 | D:7      | Reached skill level 1 in Stealth
  5949 | D:7      | Found a radiant altar of Vehumet.
  6026 | D:8      | Reached * piety under Nemelex Xobeh
  6106 | D:8      | Noticed Jeremiah
  6132 | D:8      | Killed Jeremiah
  6151 | D:8      | Received a gift from Nemelex Xobeh
  6224 | D:8      | Reached skill level 10 in Unarmed Combat
  6521 | D:8      | Noticed Pikel
  6530 | D:8      | Killed Pikel
  6531 | D:8      | Reached skill level 5 in Dodging
  6749 | D:9      | Found a staircase to the Lair.
  6757 | D:8      | Slain by a shadow

Illustrated notes

Levels and vault maps discovered:
D:1:      dpeg_arrival_ratfight, layout_rooms
D:2:      layout_rooms, serial_shops, nicolae_shop_crystal,
          minmay_misc_feat_five, dreamdust_mushroom_princess,
          chequers_decorated_corner, minmay_cut_off
D:3:      layout_loops_ring, shapermc_ecumenical_altar_pompeii, uniq_robin
D:4:      layout_basic
D:5:      layout_gridville, general_overflow_altar,
          chequers_temple_overflow_statue_of_worship,
          nicolae_uskayaw_murder_on_the_dancefloor, ebering_ghost_sewer_d,
          kennysheep_generic_room_15
D:6:      layout_layer_cave, mainiacjoe_overflow_alcove_4,
          minmay_temple_entry_butterflies, mainiacjoe_ossuary_entry_dusty_tomb,
          uniq_maggie
D:7:      layout_cave_pools, kennysheep_mini, gammafunk_ghost_split
D:8:      layout_rooms, uniq_pikel, uniq_jeremiah
D:9:      minmay_curly_fans, layout_gridville, nzn_wu_jian_contemplation,
          minmay_lair_entry_grove, st_stairs_2, due_unseen_surprise
Temple:   hellmonk_temple_divided_pantheon

Skill      XL: |  1  2  3  4  5  6  7  8  9 |
---------------+----------------------------+-----
Dodging        | 2 3 4 5 |  5.0
Fighting       | 2 3 4 5 |  5.6
Unarmed Combat | 4 5 7 9 10 | 10.5
Shapeshifting  | 4 5 6 7 |  7.6
Invocations    | 2 4 |  4.5
Stealth        | 3 |  3.2

Action                     |  1- 3 |  4- 6 |  7- 9 || total
---------------------------+-------+-------+-------++-------
  Melee: Unarmed           |    98 |    98 |   238 ||   434
         Tailslap          |     8 |    13 |    39 ||    60
         Punch             |     1 |     2 |    12 ||    15
  Throw: Boomerang         |     1 |       |     1 ||     2
         Dart              |       |     1 |     7 ||     8
Ability: Breathe Fire      |       |       |     8 ||     8
  Evoke: Wand              |       |       |     1 ||     1
    Use: Potion            |       |     4 |       ||     4
         Scroll            |       |       |     7 ||     7
   Stab: Sleeping          |     1 |     1 |     2 ||     4
         Distracted        |       |       |     1 ||     1
 Armour: Skin              |    36 |    62 |   124 ||   222
  Dodge: Dodged            |    67 |    46 |   141 ||   254
